[Event "World Senior chT-65 2019"]
[Site "Rhodes"]
[Date "2019.04.22"]
[Round "7.17"]
[White "Pedersen, Svend"]
[Black "Herzog, Adolf"]
[Result "0-1"]
[ECO "C00"]
[WhiteElo "2178"]
[BlackElo "2337"]
[Annotator "NA"]
[PlyCount "78"]
[EventDate "2019.04.16"]
[EventType "team-tourn"]
[EventCountry "GRE"]
[SourceTitle "playchess.com"]
[Source "ChessBase"]
[SourceQuality "1"]
[WhiteTeam "Denmark"]
[BlackTeam "Austria"]
[WhiteTeamCountry "DEN"]
[BlackTeamCountry "AUT"]
[TimeControl "40/5400+30:1800+30"]

1. e4 e6 2. d3 d5 3. Nd2 c5 4. Ngf3 Nc6 5. g3 Nf6 6. Bg2 Be7 7. O-O O-O 8. Re1 b5 9. e5 Ne8 10. Nf1 a5 11. h4 Ra6 12. N1h2 f5 13. Bg5 Nc7 14. Qd2 Bd7 15. Bxe7 Qxe7 16. Ng5 b4 17. a3 $15 bxa3 18. Rxa3 Rb8 19. Ra2 Rab6 20. Qc1 a4 21. Nhf3 Nb4 22. Ra1 Nb5 23. Bf1 h6 24. Nh3 Nd4 25. Nxd4 cxd4 26. c3 Na6 27. Qf4 Rxb2 28. Qxd4 Qc5 29. Qxc5 Nxc5 30. Nf4 Nb3 31. Ra3 Nd2 32. Rc1 Rb1 33. Ra1 Rxc1 34. Rxc1 Rb1 35. Ne2 a3 36. Rxb1 Nxb1 37. Nc1 Nxc3 38. Nb3 Ba4 39. Na1 Nb5 0-1

[Event "World Senior chT-65 2019"]
[Site "Rhodes"]
[Date "2019.04.22"]
[Round "7.18"]
[White "Petschar, Kurt"]
[Black "Holst, Per"]
[Result "1-0"]
[ECO "E11"]
[WhiteElo "2226"]
[BlackElo "2150"]
[Annotator "NA"]
[PlyCount "133"]
[EventDate "2019.04.16"]
[EventType "team-tourn"]
[EventCountry "GRE"]
[SourceTitle "playchess.com"]
[Source "ChessBase"]
[SourceQuality "1"]
[WhiteTeam "Austria"]
[BlackTeam "Denmark"]
[WhiteTeamCountry "AUT"]
[BlackTeamCountry "DEN"]
[TimeControl "40/5400+30:1800+30"]

1. d4 e6 2. c4 Nf6 3. Nf3 Bb4+ 4. Bd2 Qe7 5. g3 O-O 6. Bg2 Bxd2+ 7. Qxd2 d6 8. Nc3 e5 9. O-O Re8 10. e4 Bg4 11. Ne1 Nc6 12. Nc2 exd4 13. Nxd4 Nxd4 14. Qxd4 Qe5 15. Qd2 Qc5 16. b3 Bd7 17. Rfe1 Bc6 $14 18. Rac1 a5 19. Nd5 Bxd5 20. cxd5 Qb6 21. Qe3 Qxe3 22. Rxe3 Re7 23. Rec3 Ne8 24. f3 f5 25. exf5 Re5 26. f4 Rxf5 27. Bh3 Rh5 28. Bg4 Rh6 29. Bd7 Rh5 30. R1c2 Kf8 31. Bxe8 Rxe8 32. Rxc7 Re7 33. Rxe7 Kxe7 34. Rd2 g5 35. Re2+ Kf7 36. Re6 gxf4 37. Rxd6 fxg3 38. hxg3 b5 39. Kg2 a4 40. bxa4 bxa4 41. Ra6 Rxd5 42. Rxa4 Rd3 43. Kh3 h5 44. Kh4 Kg6 45. Ra6+ Kg7 46. Ra5 Kg6 47. Ra6+ Kg7 48. a4 Ra3 49. Ra5 Kf6 50. Ra7 Kg6 51. Ra8 Kg7 52. Ra6 Kf7 53. a5 Kg7 54. Ra8 Kg6 55. Rg8+ Kh6 56. Rh8+ Kg6 57. Rxh5 Ra4+ 58. g4 Ra1 59. Rb5 Rh1+ 60. Kg3 Rg1+ 61. Kf3 Rf1+ 62. Ke4 Re1+ 63. Kd4 Ra1 64. g5 Ra4+ 65. Kc5 Kxg5 66. Kb6+ Kf6 67. a6 1-0

[Event "World Senior chT-65 2019"]
[Site "Rhodes"]
[Date "2019.04.22"]
[Round "7.19"]
[White "Hvenekilde, Jorgen"]
[Black "Singer, Hans"]
[Result "0-1"]
[ECO "B40"]
[WhiteElo "2046"]
[BlackElo "2195"]
[Annotator "NA"]
[PlyCount "62"]
[EventDate "2019.04.16"]
[EventType "team-tourn"]
[EventCountry "GRE"]
[SourceTitle "playchess.com"]
[Source "ChessBase"]
[SourceQuality "1"]
[WhiteTeam "Denmark"]
[BlackTeam "Austria"]
[WhiteTeamCountry "DEN"]
[BlackTeamCountry "AUT"]
[TimeControl "40/5400+30:1800+30"]

1. e4 c5 2. Nf3 Nc6 3. Be2 e6 4. O-O Nf6 5. d3 d5 6. Nbd2 Be7 7. Re1 Qc7 8. c3 O-O 9. Bf1 d4 10. a4 e5 11. cxd4 cxd4 12. Nc4 Bb4 13. Bd2 Bxd2 14. Nfxd2 Be6 15. g3 a5 16. Rc1 Rac8 17. Be2 $17 (17. Nf3 $15) 17... Nb4 18. Na3 Qb8 19. Ndc4 b6 20. Qd2 Nd7 21. b3 Nc5 22. Rb1 f5 23. f3 fxe4 24. fxe4 Bh3 25. Nc2 Nxc2 26. Qxc2 Rf6 27. Bf1 Be6 28. Bg2 Na6 29. Rf1 Bxc4 30. bxc4 Rxf1+ 31. Bxf1 Nc5 0-1

[Event "World Senior chT-65 2019"]
[Site "Rhodes"]
[Date "2019.04.22"]
[Round "7.20"]
[White "Ager, Josef"]
[Black "Grevlund, Per"]
[Result "1-0"]
[ECO "E08"]
[WhiteElo "2122"]
[BlackElo "1998"]
[Annotator "NA"]
[PlyCount "133"]
[EventDate "2019.04.16"]
[EventType "team-tourn"]
[EventCountry "GRE"]
[SourceTitle "playchess.com"]
[Source "ChessBase"]
[SourceQuality "1"]
[WhiteTeam "Austria"]
[BlackTeam "Denmark"]
[WhiteTeamCountry "AUT"]
[BlackTeamCountry "DEN"]
[TimeControl "40/5400+30:1800+30"]

1. Nf3 Nf6 2. c4 e6 3. g3 d5 4. Bg2 c6 5. Qc2 Be7 6. O-O O-O 7. d4 Nbd7 8. Rd1 Re8 9. Nc3 b6 10. e4 dxe4 11. Ng5 Bb7 12. Ngxe4 Nxe4 13. Nxe4 Nf6 14. Nc3 h6 15. Bf4 Bd6 16. Be5 $14 Qe7 17. a4 a5 18. Bxf6 Qxf6 19. c5 bxc5 20. dxc5 Be5 21. Rd7 Bc8 22. Ne4 Qf5 23. Rd3 Ba6 24. Rb3 Red8 25. Rd1 Bc7 26. Re1 Rd4 27. Rf3 Qe5 28. Nf6+ gxf6 29. Rxe5 Bxe5 30. Bf1 Bxf1 31. Kxf1 Rad8 32. Kg2 Rd2 33. Qe4 R8d5 34. Qg4+ Kh7 35. b4 axb4 36. Qxb4 Rc2 37. a5 Rcxc5 38. a6 Rb5 39. Qf8 Rd7 40. Ra3 Bd4 41. Ra4 e5 42. Ra2 Ra7 43. Qc8 Rb6 44. Kf3 Kg7 45. Ke4 c5 46. f4 Re6 47. f5 Ree7 48. g4 Rec7 49. Qe8 c4 50. h4 c3 51. Qa4 c2 52. Rxc2 Rxc2 53. Qxc2 Rxa6 54. Qg2 Ra4 55. g5 Bf2+ 56. Kd3 Rd4+ 57. Kc3 Bxh4 58. g6 fxg6 59. Qb7+ Kf8 60. fxg6 Ke8 61. Qf7+ Kd8 62. g7 Rg4 63. g8=Q+ Rxg8 64. Qxg8+ Ke7 65. Qg7+ Ke6 66. Qxh6 Bg5 67. Qg6 1-0

[Event "World Senior chT-65 2019"]
[Site "Rhodes"]
[Date "2019.04.22"]
[Round "7.21"]
[White "Bellin, Robert"]
[Black "Baruch, Andrew J D"]
[Result "1-0"]
[ECO "B06"]
[WhiteElo "2315"]
[BlackElo "2039"]
[Annotator "NA"]
[PlyCount "43"]
[EventDate "2019.04.16"]
[EventType "team-tourn"]
[EventCountry "GRE"]
[SourceTitle "playchess.com"]
[Source "ChessBase"]
[SourceQuality "1"]
[WhiteTeam "England"]
[BlackTeam "England"]
[WhiteTeamCountry "ENG"]
[BlackTeamCountry "ENG"]
[TimeControl "40/5400+30:1800+30"]

1. d4 g6 2. e4 Bg7 3. Nc3 d6 4. f4 a6 5. Nf3 Nd7 6. a4 b6 7. Bc4 e6 8. O-O Ne7 9. f5 d5 10. fxe6 dxc4 11. Ng5 (11. exd7+ Bxd7 12. Qe2 b5) 11... Ne5 12. dxe5 $18 Bxe6 13. Nxe6 fxe6 14. Qg4 Qd7 15. Bg5 Rf8 16. Rad1 Rxf1+ 17. Kxf1 Qc6 18. Qh4 Qc5 19. Bf6 Bf8 20. Qxh7 Rd8 21. Rxd8+ Kxd8 22. Qf7 1-0

[Event "World Senior chT-65 2019"]
[Site "Rhodes"]
[Date "2019.04.22"]
[Round "7.22"]
[White "Reuben, Stewart"]
[Black "Stebbings, Anthony J"]
[Result "0-1"]
[ECO "A19"]
[WhiteElo "1974"]
[BlackElo "2281"]
[Annotator "NA"]
[PlyCount "114"]
[EventDate "2019.04.16"]
[EventType "team-tourn"]
[EventCountry "GRE"]
[SourceTitle "playchess.com"]
[Source "ChessBase"]
[SourceQuality "1"]
[WhiteTeam "England"]
[BlackTeam "England"]
[WhiteTeamCountry "ENG"]
[BlackTeamCountry "ENG"]
[TimeControl "40/5400+30:1800+30"]

1. c4 Nf6 2. Nc3 e6 3. e4 c5 4. e5 Ng8 5. Nf3 Nc6 6. Bd3 d6 7. exd6 Qxd6 8. Be4 Nf6 $11 9. Bxc6+ Qxc6 10. d4 cxd4 11. Qxd4 b6 12. Bg5 Be7 13. O-O Bb7 14. Rad1 O-O 15. b3 Rfd8 16. Qe5 h6 17. Bf4 Ne8 18. Ne2 Bf6 19. Qh5 Qe4 20. Be3 Rxd1 21. Rxd1 Qc2 22. Re1 Qxa2 23. Qb5 Rd8 24. c5 Nc7 25. Qa4 Qxa4 26. bxa4 Nd5 27. cxb6 axb6 28. Rb1 Nxe3 29. fxe3 Rd6 30. Nfd4 Ba6 31. Kf2 Bd8 32. Nc3 Kf8 33. Ncb5 Rd7 34. Ke1 Ke8 35. Rc1 Bb7 36. g3 g6 37. Nc6 Bc7 38. Ncd4 Be5 39. Nc6 Bd6 40. Ke2 f6 41. Rc2 h5 42. Kf2 e5 43. a5 Bc5 44. axb6 Bxb6 45. Nb4 Ke7 46. Na3 Ke6 47. Nc4 Ba7 48. Rd2 Rxd2+ 49. Nxd2 Kf5 50. Nd3 Kg4 51. Ne1 Kh3 52. Nef3 Bxf3 53. Nxf3 e4 54. Nh4 Kxh2 55. Nxg6 Bb8 56. Nf4 Bxf4 57. exf4 f5 0-1

[Event "World Senior chT-65 2019"]
[Site "Rhodes"]
[Date "2019.04.22"]
[Round "7.23"]
[White "Snape, Ian L"]
[Black "Valentine, Brian J"]
[Result "1/2-1/2"]
[ECO "A36"]
[WhiteElo "2154"]
[BlackElo "1954"]
[Annotator "NA"]
[PlyCount "82"]
[EventDate "2019.04.16"]
[EventType "team-tourn"]
[EventCountry "GRE"]
[SourceTitle "playchess.com"]
[Source "ChessBase"]
[SourceQuality "1"]
[WhiteTeam "England"]
[BlackTeam "England"]
[WhiteTeamCountry "ENG"]
[BlackTeamCountry "ENG"]
[TimeControl "40/5400+30:1800+30"]

1. c4 c5 2. Nf3 Nc6 3. Nc3 g6 4. g3 Bg7 5. Bg2 e6 6. d4 Nxd4 7. Nxd4 cxd4 8. Nb5 Ne7 9. O-O Nc6 10. e3 O-O 11. Nxd4 Nxd4 12. exd4 d5 13. cxd5 exd5 14. Be3 Be6 15. Qb3 Qd7 16. Rfc1 Rfc8 17. a4 b6 $11 18. h4 h5 19. Qb5 Qd8 20. b4 a5 21. Rc6 Rxc6 22. Qxc6 Rc8 23. Qb5 Rc4 24. bxa5 bxa5 25. Bg5 Qc7 26. Bf4 Qd7 27. Be3 Qxb5 28. axb5 a4 29. b6 Rb4 30. b7 Rxb7 31. Rxa4 Bf6 32. Ra5 Rd7 33. Kh2 Kf8 34. Bh3 Bxh3 35. Kxh3 Ke7 36. Kg2 Ke6 37. Kf3 Kf5 38. Rb5 Bg7 39. Ra5 Bf6 40. Ra8 Bg7 41. Ra5 {[%emt 0:04:29] Ke5 [%emt 00:00:21] Ke4+} Bf8 1/2-1/2

[Event "World Senior chT-65 2019"]
[Site "Rhodes"]
[Date "2019.04.22"]
[Round "7.24"]
[White "Thynne, Trefor F"]
[Black "Quinn, John M"]
[Result "1/2-1/2"]
[ECO "A48"]
[WhiteElo "1907"]
[BlackElo "2140"]
[Annotator "NA"]
[PlyCount "124"]
[EventDate "2019.04.16"]
[EventType "team-tourn"]
[EventCountry "GRE"]
[SourceTitle "playchess.com"]
[Source "ChessBase"]
[SourceQuality "1"]
[WhiteTeam "England"]
[BlackTeam "England"]
[WhiteTeamCountry "ENG"]
[BlackTeamCountry "ENG"]
[TimeControl "40/5400+30:1800+30"]

1. d4 Nf6 2. Nf3 g6 3. Bf4 Bg7 4. e3 O-O 5. h3 d6 6. c3 Nbd7 7. Be2 c5 8. O-O b6 9. Nbd2 Bb7 10. a4 a6 11. Qb3 Ra7 12. Rfd1 Qa8 13. Bh2 Ne4 14. Nxe4 Bxe4 15. Qa2 Nf6 16. Ne1 Rc7 17. f3 Bb7 18. Qb3 Rfc8 19. c4 cxd4 20. exd4 Nd7 21. Qb4 a5 22. Qd2 Re8 23. Ra3 Qc8 24. f4 Ba6 25. b3 Nf6 26. Bf3 Bb7 27. d5 Rd7 28. Ra2 e6 29. dxe6 Rxe6 30. Rc2 Be4 31. Rcc1 Rde7 32. Qf2 Qc6 33. Bg3 Bxf3 34. Qxf3 Qxf3 35. Nxf3 Ne4 36. Bh4 Re8 37. Nd4 Bxd4+ 38. Rxd4 Nc5 39. Rcd1 Nxb3 40. Rxd6 Nc5 41. Rxe6 Rxe6 42. Bf2 Nxa4 43. Rd8+ Kg7 44. Bd4+ f6 45. Rd7+ Kg8 46. Rd8+ Kf7 47. Rd7+ Re7 48. Rd6 Re6 49. Rd7+ Ke8 50. Rxh7 Rd6 51. Be3 Nc3 52. Rb7 a4 53. c5 bxc5 54. Bxc5 Rc6 55. Bb4 Ne2+ 56. Kh2 Nxf4 57. Re7+ Kd8 58. Re4 g5 59. Ba5+ Kd7 60. Rxa4 Rc2 61. Rd4+ Ke6 62. Rd2 Ke5 1/2-1/2

[Event "World Senior chT-65 2019"]
[Site "Rhodes"]
[Date "2019.04.22"]
[Round "7.25"]
[White "Carlsson, Ingvar"]
[Black "Opl, Klaus"]
[Result "1/2-1/2"]
[ECO "C59"]
[WhiteElo "2119"]
[BlackElo "2188"]
[Annotator "NA"]
[PlyCount "106"]
[EventDate "2019.04.16"]
[EventType "team-tourn"]
[EventCountry "GRE"]
[SourceTitle "playchess.com"]
[Source "ChessBase"]
[SourceQuality "1"]
[WhiteTeam "Sweden"]
[BlackTeam "Austria"]
[WhiteTeamCountry "SWE"]
[BlackTeamCountry "AUT"]
[TimeControl "40/5400+30:1800+30"]

1. e4 e5 2. Nf3 Nc6 3. Bc4 Nf6 4. Ng5 d5 5. exd5 Na5 6. Bb5+ c6 7. dxc6 bxc6 8. Be2 h6 9. Nh3 Bc5 10. d3 O-O 11. O-O Nd5 12. c4 Ne7 13. Be3 Nb7 14. Nc3 Bf5 $11 15. Ne4 Bxe4 16. dxe4 Bxe3 17. fxe3 Qb6 18. Qc1 Nc5 19. Nf2 f5 20. exf5 Rxf5 21. Rb1 a5 22. Nd3 Rd8 23. Nxc5 Rxf1+ 24. Bxf1 Qxc5 25. Qc3 Ng6 26. a3 e4 27. b4 axb4 28. axb4 Qg5 29. b5 c5 30. b6 Ne5 31. b7 Rb8 32. Kh1 Qe7 33. Qd2 Nd3 34. Bxd3 Qd7 35. Rd1 exd3 36. Qxd3 Qxd3 37. Rxd3 Rxb7 38. h3 Rb1+ 39. Kh2 Rc1 40. Rd7 Rxc4 41. Kg3 Rc1 42. Rc7 c4 43. Kf3 c3 44. g4 c2 45. Ke2 Rh1 46. Rxc2 Rxh3 47. Rc8+ Kf7 48. Kf2 Kf6 49. Rc7 g6 50. Rc6+ Kg5 51. Ra6 Rh4 52. Kf3 Rh3+ 53. Kf2 Rh4 1/2-1/2

[Event "World Senior chT-65 2019"]
[Site "Rhodes"]
[Date "2019.04.22"]
[Round "7.26"]
[White "Titz, Heimo"]
[Black "Nordstrom, Felix"]
[Result "0-1"]
[ECO "E44"]
[WhiteElo "2096"]
[BlackElo "2044"]
[Annotator "NA"]
[PlyCount "104"]
[EventDate "2019.04.16"]
[EventType "team-tourn"]
[EventCountry "GRE"]
[SourceTitle "playchess.com"]
[Source "ChessBase"]
[SourceQuality "1"]
[WhiteTeam "Austria"]
[BlackTeam "Sweden"]
[WhiteTeamCountry "AUT"]
[BlackTeamCountry "SWE"]
[TimeControl "40/5400+30:1800+30"]

1. c4 e6 2. d4 Nf6 3. Nc3 Bb4 4. e3 b6 5. Nge2 Ne4 6. Qc2 Bb7 7. a3 Bxc3+ 8. Nxc3 Nxc3 9. Qxc3 O-O 10. b4 d6 $14 11. Bb2 Nd7 12. c5 Bd5 13. Rc1 f5 14. f3 Qh4+ 15. Kd2 Qf2+ 16. Be2 Qxg2 17. Rcg1 Qh3 18. Rg3 Qh6 19. Rhg1 Rf7 20. Ke1 Qxh2 21. R1g2 Qh4 22. cxd6 cxd6 23. Kf2 Qe7 24. Kg1 Nf6 25. Rh2 Qb7 26. Bd1 Kf8 27. Rc2 Ne8 28. Rh3 h6 29. Qd2 Rc8 30. Rxc8 Qxc8 31. Rh2 Qb7 32. Kf2 Nf6 33. Rh4 Nh7 34. Rh3 Qe7 35. Kg2 Qb7 36. Rg3 g5 37. Kg1 h5 38. Rh3 g4 39. Rxh5 Bxf3 40. Bxf3 Qxf3 41. Qf2 Qe4 42. Bc1 Qb1 43. Qb2 Qxb2 44. Bxb2 Nf6 45. Rh8+ Ng8 46. Bc3 Rc7 47. Be1 Rc1 48. Kf1 Kg7 49. Rh2 Nf6 50. Re2 Ne4 51. Kg2 Kf7 52. Ra2 Rxe1 0-1

[Event "World Senior chT-65 2019"]
[Site "Rhodes"]
[Date "2019.04.22"]
[Round "7.27"]
[White "Grahn, Lars"]
[Black "Strobel, Ferdinand"]
[Result "1/2-1/2"]
[ECO "A80"]
[WhiteElo "1985"]
[BlackElo "1974"]
[Annotator "NA"]
[PlyCount "125"]
[EventDate "2019.04.16"]
[EventType "team-tourn"]
[EventCountry "GRE"]
[SourceTitle "playchess.com"]
[Source "ChessBase"]
[SourceQuality "1"]
[WhiteTeam "Sweden"]
[BlackTeam "Austria"]
[WhiteTeamCountry "SWE"]
[BlackTeamCountry "AUT"]
[TimeControl "40/5400+30:1800+30"]

1. d4 f5 2. Nc3 Nf6 3. Bg5 d5 4. Bxf6 exf6 5. e3 Be6 6. Qf3 g6 7. Bd3 c6 8. Nge2 Bd6 9. h3 h5 10. O-O-O Rg8 11. g3 Nd7 12. Nf4 Bf7 13. g4 hxg4 14. hxg4 fxg4 15. Qxg4 f5 16. Qf3 Qf6 17. Nfe2 O-O-O 18. Ng3 Rh8 19. Nce2 Rxh1 20. Rxh1 Rh8 21. a3 Kc7 22. Kb1 Rh4 23. Kc1 Qg5 24. Rxh4 Qxh4 25. Qh1 Qxh1+ 26. Nxh1 Nf6 27. f4 b6 28. Nf2 c5 29. c3 Be7 30. Nh3 Ng4 31. Kd2 Bh4 32. Neg1 c4 33. Bc2 Bg8 34. Nf3 Be7 35. Ba4 Kd8 36. Nhg5 a6 37. Nh4 Bxg5 38. fxg5 Bf7 39. Bd1 Nf2 40. Bc2 Ke7 41. Ke2 Ne4 42. Bxe4 fxe4 43. Kf2 Kd6 44. Ng2 Ke6 45. Nh4 Kd6 46. Ke2 a5 47. Kd2 a4 48. Ke2 Ke6 49. Kf2 Be8 50. Kg3 Bf7 51. Kf4 Kd6 52. Ng2 Be8 53. Ne1 Ke6 54. Nc2 Kd6 55. Nb4 Bb5 56. Na2 Bd7 57. Nc1 Be6 58. Ne2 Bf7 59. Ng3 Be6 60. Nh1 Bd7 61. Nf2 Be6 62. Ng4 Bxg4 63. Kxg4 1/2-1/2

[Event "World Senior chT-65 2019"]
[Site "Rhodes"]
[Date "2019.04.22"]
[Round "7.28"]
[White "Danner, Lambert"]
[Black "Svensson, Soren"]
[Result "1/2-1/2"]
[ECO "A29"]
[WhiteElo "2013"]
[BlackElo "1964"]
[Annotator "NA"]
[PlyCount "83"]
[EventDate "2019.04.16"]
[EventType "team-tourn"]
[EventCountry "GRE"]
[SourceTitle "playchess.com"]
[Source "ChessBase"]
[SourceQuality "1"]
[WhiteTeam "Austria"]
[BlackTeam "Sweden"]
[WhiteTeamCountry "AUT"]
[BlackTeamCountry "SWE"]
[TimeControl "40/5400+30:1800+30"]

1. c4 e5 2. g3 Nf6 3. Bg2 d5 4. cxd5 Nxd5 5. Nc3 Nb6 6. Nf3 Nc6 7. O-O Be7 8. d3 O-O 9. Bd2 Be6 10. Rc1 f5 11. a3 h6 12. b4 a6 13. Na4 Nxa4 14. Qxa4 e4 15. Rxc6 bxc6 16. Ne5 Bd5 17. Nxc6 Qd7 18. Nxe7+ Qxe7 19. Be3 Qe6 20. Rc1 c6 21. dxe4 fxe4 22. Qa5 Rf7 23. Qc5 Rb7 24. Qc3 a5 25. Bc5 axb4 26. Bxb4 Re8 27. Qe3 Rd7 28. Qc5 e3 29. Bxd5 exf2+ 30. Kxf2 cxd5 31. Rc2 Qe4 32. Kg1 Rf7 33. Rc1 Qxe2 34. Re1 Qxe1+ 35. Bxe1 Rxe1+ 36. Kg2 Re2+ 37. Kh3 Rff2 38. Qxd5+ Kh7 39. Kg4 Rxh2 40. Qd3+ Kg8 41. Qd8+ Kh7 42. Qd3+ 1/2-1/2

[Event "World Senior chT-65 2019"]
[Site "Rhodes"]
[Date "2019.04.22"]
[Round "7.29"]
[White "Andersson, Kaj"]
[Black "Boehnisch, Manfred"]
[Result "0-1"]
[ECO "B15"]
[WhiteElo "2030"]
[BlackElo "2287"]
[Annotator "NA"]
[PlyCount "114"]
[EventDate "2019.04.16"]
[EventType "team-tourn"]
[EventCountry "GRE"]
[SourceTitle "playchess.com"]
[Source "ChessBase"]
[SourceQuality "1"]
[WhiteTeam "Sweden"]
[BlackTeam "Germany"]
[WhiteTeamCountry "SWE"]
[BlackTeamCountry "GER"]
[TimeControl "40/5400+30:1800+30"]

1. e4 c6 2. d4 d5 3. Nc3 g6 4. Bd3 Bg7 5. Nge2 dxe4 6. Bxe4 Nf6 7. Bf3 Bg4 8. Bxg4 Nxg4 9. Bf4 O-O 10. O-O e5 11. dxe5 Nxe5 12. Qxd8 Rxd8 13. Rad1 Na6 14. Rxd8+ $11 Rxd8 15. Bg5 Rd7 16. Ne4 Ng4 17. h3 h6 18. Bd2 Nf6 19. Nxf6+ Bxf6 20. Bxh6 Bxb2 21. Rb1 Be5 22. Kf1 Nb4 23. f4 Bd6 24. c3 Nd5 25. Kf2 f6 26. f5 g5 27. h4 gxh4 28. Kf3 Be5 29. c4 Ne7 30. Kg4 b6 31. Rf1 Rd3 32. Kxh4 Ra3 33. g4 Rxa2 34. Rf2 c5 35. Kh5 Kf7 36. g5 fxg5 37. Bxg5 Bd4 38. Rh2 Nxf5 39. Kg4 Ng7 40. Kf3 Rc2 41. Rh6 Rxc4 42. Rd6 Ne6 43. Bh4 Ra4 44. Rd7+ Kg6 45. Rd6 Kh5 46. Be7 Ng5+ 47. Kg2 Ra2 48. Kf1 Nf3 49. Ng3+ Kg4 50. Rg6+ Kf4 51. Bd6+ Ke3 52. Re6+ Kd3 53. Ne4 c4 54. Bb4 a5 55. Bc3 Nh2+ 56. Ke1 Re2+ 57. Kd1 Rxe4 0-1

[Event "World Senior chT-65 2019"]
[Site "Rhodes"]
[Date "2019.04.22"]
[Round "7.30"]
[White "Beltz, Robert"]
[Black "Carlsten, Peter"]
[Result "1-0"]
[ECO "A41"]
[WhiteElo "2158"]
[BlackElo "2002"]
[Annotator "NA"]
[PlyCount "106"]
[EventDate "2019.04.16"]
[EventType "team-tourn"]
[EventCountry "GRE"]
[SourceTitle "playchess.com"]
[Source "ChessBase"]
[SourceQuality "1"]
[WhiteTeam "Germany"]
[BlackTeam "Sweden"]
[WhiteTeamCountry "GER"]
[BlackTeamCountry "SWE"]
[TimeControl "40/5400+30:1800+30"]

1. d4 d6 2. c4 e5 3. dxe5 dxe5 4. Qxd8+ Kxd8 5. Nc3 c6 6. Nf3 f6 7. Be3 Kc7 8. g3 Be6 9. Nd2 Nd7 10. Rc1 Ne7 11. f4 Nf5 12. Bf2 Bc5 13. Bxc5 Nxc5 14. b4 Na6 15. a3 Rad8 16. e4 Nd4 17. Nd5+ Kb8 18. Ne3 c5 19. b5 Nc7 20. h4 h5 21. Bh3 Bxh3 22. Rxh3 Ne8 23. Nd5 Nd6 24. f5 Rdf8 25. Rh1 Rf7 26. Rf1 Rg8 27. Rc3 g6 28. fxg6 Rxg6 29. a4 f5 30. exf5 Rxf5 31. Rxf5 N4xf5 32. Kf2 b6 33. Rf3 Rg4 34. Ne3 Nxe3 35. Kxe3 Nxc4+ 36. Nxc4 Rxc4 37. Rf8+ Kc7 38. Rf7+ Kb8 39. Rh7 Rxa4 40. Rxh5 Ra3+ 41. Kf2 e4 42. Re5 Ra2+ 43. Ke3 Rg2 44. Kf4 Kc7 45. Rxe4 Kd6 46. h5 Kd5 47. Re7 c4 48. Rc7 Kd4 49. h6 c3 50. h7 Rh2 51. Kg5 c2 52. Kg6 Kd3 53. Kg7 Kd4 1-0

[Event "World Senior chT-65 2019"]
[Site "Rhodes"]
[Date "2019.04.22"]
[Round "7.31"]
[White "Lundgren, Ulf"]
[Black "Baumbach, Friedrich"]
[Result "1/2-1/2"]
[ECO "D02"]
[WhiteElo "1964"]
[BlackElo "2089"]
[Annotator "NA"]
[PlyCount "109"]
[EventDate "2019.04.16"]
[EventType "team-tourn"]
[EventCountry "GRE"]
[SourceTitle "playchess.com"]
[Source "ChessBase"]
[SourceQuality "1"]
[WhiteTeam "Sweden"]
[BlackTeam "Germany"]
[WhiteTeamCountry "SWE"]
[BlackTeamCountry "GER"]
[TimeControl "40/5400+30:1800+30"]

1. d4 d5 2. Bf4 Nf6 3. Nf3 e6 4. e3 c5 5. c3 Nc6 6. Nbd2 Be7 7. Bd3 O-O 8. Rc1 b6 9. O-O Bb7 10. h3 a5 11. Qe2 Qc8 12. Rfe1 Ba6 13. Ne5 Bxd3 14. Qxd3 Nd7 15. Ndf3 c4 16. Qc2 f5 17. Qa4 Ncxe5 18. Nxe5 Nxe5 19. Bxe5 Qe8 20. Qxe8 Rfxe8 21. Re2 b5 22. f3 b4 23. Rf1 Ra7 24. e4 fxe4 25. fxe4 Rf8 26. Rxf8+ Bxf8 27. exd5 exd5 28. Bg3 Rb7 29. Be1 a4 30. cxb4 Bxb4 31. Bc3 a3 32. Bxb4 Rxb4 33. bxa3 Rb1+ 34. Kf2 Rd1 35. a4 Rxd4 36. a5 Rf4+ 37. Ke3 g5 38. g3 d4+ 39. Kd2 Rf5 40. Re4 Rxa5 41. Rxd4 Rxa2+ 42. Kc3 Ra3+ 43. Kxc4 Rxg3 44. Rg4 Rxh3 45. Rxg5+ Kf7 46. Kd4 Kf6 47. Rg1 Kf5 48. Rf1+ Kg4 49. Ke4 h5 50. Rf4+ Kg5 51. Rf5+ Kg6 52. Rf3 Rh4+ 53. Rf4 Rh1 54. Rf2 Kg5 55. Kf3 1/2-1/2

[Event "World Senior chT-65 2019"]
[Site "Rhodes"]
[Date "2019.04.22"]
[Round "7.32"]
[White "Just, Joachim"]
[Black "Andersson, Sven-Olof"]
[Result "1-0"]
[ECO "D03"]
[WhiteElo "1970"]
[BlackElo "1904"]
[Annotator "NA"]
[PlyCount "85"]
[EventDate "2019.04.16"]
[EventType "team-tourn"]
[EventCountry "GRE"]
[SourceTitle "playchess.com"]
[Source "ChessBase"]
[SourceQuality "1"]
[WhiteTeam "Germany"]
[BlackTeam "Sweden"]
[WhiteTeamCountry "GER"]
[BlackTeamCountry "SWE"]
[TimeControl "40/5400+30:1800+30"]

1. d4 Nf6 2. Nf3 d5 3. c3 e6 4. Bg5 Be7 5. e3 O-O 6. Nbd2 Nbd7 7. Bd3 c6 8. Ne5 g6 9. h4 Nxe5 10. dxe5 Ne8 11. Bh6 Ng7 12. h5 Bg5 13. Bxg7 Kxg7 14. Qg4 f5 15. Qh3 Rh8 16. f4 Be7 17. g4 Bd7 18. gxf5 exf5 19. O-O-O Qa5 20. Bb1 b5 21. Rdg1 Raf8 22. Nb3 Qc7 23. Nd4 Qc8 24. Qg2 b4 25. cxb4 c5 26. bxc5 Bxc5 27. Bc2 Bxd4 28. exd4 Qc4 29. Kb1 Be6 30. Qg5 Qc7 31. Rc1 Qd8 32. h6+ Kf7 33. Bb3 Qxg5 34. fxg5 Rc8 35. Rhf1 Ke7 36. Rf3 Rxc1+ 37. Kxc1 Rc8+ 38. Kd2 Kd7 39. Ba4+ Kc7 40. Rc3+ Kb6 41. Rxc8 Bxc8 42. Be8 Be6 43. Bxg6 1-0

[Event "World Senior chT-65 2019"]
[Site "Rhodes"]
[Date "2019.04.22"]
[Round "7.33"]
[White "Renman, Nils-Gustaf"]
[Black "Vucenovic, Dragomir"]
[Result "1/2-1/2"]
[ECO "D15"]
[WhiteElo "2358"]
[BlackElo "2168"]
[Annotator "NA RC"]
[PlyCount "202"]
[EventDate "2019.04.16"]
[EventType "team-tourn"]
[EventCountry "GRE"]
[SourceTitle "playchess.com"]
[Source "ChessBase"]
[SourceQuality "1"]
[WhiteTeam "Sweden"]
[BlackTeam "Switzerland"]
[WhiteTeamCountry "SWE"]
[BlackTeamCountry "SUI"]
[TimeControl "40/5400+30:1800+30"]

1. d4 d5 2. c4 c6 3. Nf3 Nf6 4. Nc3 a6 5. c5 g6 6. Bf4 Bg7 7. h3 O-O 8. e3 Ne4 9. Rc1 Nxc3 10. Rxc3 Nd7 11. Be2 Re8 12. O-O e5 13. dxe5 Nxe5 14. Nd4 f5 15. b4 Nf7 $11 16. Rd3 Ng5 17. Bxg5 Qxg5 18. Qd2 Qe7 19. Bf3 h6 20. Rc1 Kh7 21. a4 Bd7 22. g3 Qf7 23. h4 h5 24. Ne2 Bh6 25. b5 axb5 26. axb5 Re7 27. bxc6 bxc6 28. Rb3 Ra7 29. Kg2 Bg7 30. Rb6 Ra4 31. Qd3 Be5 32. Qb3 Ra7 33. Rb4 Qg7 34. Ra4 Be8 35. Rxa7 Rxa7 36. Rb1 Qe7 37. Qb4 Rc7 38. Nd4 Bxd4 39. Qxd4 Qg7 40. Bd1 Qxd4 41. exd4 Kg7 42. Rb6 Re7 43. Ba4 Re6 44. Kf3 Kf6 45. Bc2 Re1 46. Bb3 Re6 47. Ra6 Bd7 48. Bc2 Re1 49. Bd3 Re6 50. Kf4 Re1 51. f3 Re6 52. Ra7 Be8 53. Ra2 Re1 54. Re2 Rxe2 55. Bxe2 Bd7 56. Ke3 Bc8 57. Kd2 Ke7 58. Bd3 Kf6 59. Kc3 Ke7 60. Kd2 Kf6 61. Be2 Bd7 62. Ke3 Bc8 63. Kf4 Bb7 64. g4 fxg4 65. fxg4 hxg4 66. Kxg4 Bc8+ 67. Kf4 Bf5 68. Ba6 Bc2 69. Bc8 Ba4 70. Bd7 Ke7 71. Bg4 Kf6 72. Be2 Bc2 73. Bf3 Bb1 74. Bd1 Bf5 75. Ba4 Bd7 76. Bc2 Bc8 77. Bd3 Bb7 78. Ke3 Bc8 79. Kf4 Bb7 80. Be2 Bc8 81. Bg4 Ba6 82. Bd7 Bb5 83. Be8 Ba4 84. Ke3 Bb5 85. Kd2 Kf5 86. Kc3 g5 87. hxg5 Kxg5 88. Kb4 Kf6 89. Ka5 Ke7 90. Bh5 Kd8 91. Bf3 Kc7 92. Bxd5 Bf1 93. Bf3 Bd3 94. Kb4 Bg6 95. Kc3 Bf7 96. Kd2 Be6 97. Ke3 Bf7 98. Kf4 Ba2 99. Ke5 Bb3 100. Bg4 Bc4 101. Be6 Bf1 1/2-1/2